 Dungeon Crawl Stone Soup version 0.30-a0-21-g5d08c37080 (webtiles) character file.

Game seed: 15103493160760085701

9 Plasmagod the Chopper (level 2, 26/26 HPs)
             Began as a Hill Orc Monk on Aug 24, 2022.
             Was a Priest of Zin.
             Quit the game on level 1 of the Dungeon.
             The game lasted 00:01:41 (424 turns).

Plasmagod the Chopper (Hill Orc Monk)                Turns: 424, Time: 00:01:42

Health: 26/26      AC:  2    Str: 13    XL:     2   Next: 12%
Magic:  2/2        EV: 12    Int: 10    God:    Zin [***...]
Gold:   39         SH:  0    Dex: 13    Spells: 1/1 levels left

rFire   . . .      SeeInvis .    a - +0 hand axe
rCold   . . .      Faith    .    (no shield)
rNeg    . . .      Spirit   .    b - +0 robe
rPois   .          Reflect  .    (no helmet)
rElec   .          Harm     .    (no cloak)
rCorr   .          Rampage  .    (no gloves)
Will    .....                    (no boots)
Stlth   ++........               (no amulet)
HPRegen 0.08/turn                (no ring)
MPRegen 0.08/turn                (no ring)

@: no status effects
A: no striking features
a: Renounce Religion, Recite, Vitalisation, Imprison, Donate Gold


You were on level 1 of the Dungeon.
You worshipped Zin.
Zin was most pleased with you.
You visited 1 branch of the dungeon, and saw 1 of its levels.

You collected 43 gold pieces.
You donated 4 gold pieces to Zin.

Inventory:

Hand Weapons
 a - a +0 hand axe (weapon)
Armour
 b - a +0 robe (worn)
Potions
 c - a potion of ambrosia
 d - a potion of brilliance {unknown}


   Skills:
 - Level 3.6 Fighting
 + Level 4.8 Axes
 - Level 2.4 Dodging
 - Level 1.5 Stealth


You had one spell level left.
You didn't know any spells.
Your spell library was empty.

Dungeon Overview and Level Annotations

Branches:
Dungeon (1/15)

Altars:
Zin


Message History

The ball python closely misses you. The ball python constricts you.
You hit the ball python.
The ball python is heavily wounded.
The ball python bites you. The ball python constricts you.
You hit the ball python.
You kill the ball python!
No target in view!
Things that are here:
a +0 sling; a rat corpse
There is a stone staircase leading down here.
You pay a tithe of 1 gold.
Zin ignores your late donation.
You now have 27 gold pieces (gained 13).
There is a stone staircase leading down here.
Things that are here:
a +0 club; a +0 dagger
Found a stone staircase leading down.
There is a stone staircase leading down here.
You pay a tithe of 1 gold.
You can now call upon Zin to imprison the lawless.
You now have 36 gold pieces (gained 9).
You pay a tithe of 1 gold.
You now have 39 gold pieces (gained 3).
Found a stone staircase leading down.
There is a stone staircase leading down here.
Found 4 poisoned darts.
d - a smoky brown potion A goblin comes into view.
It is wielding a +0 club.
The goblin shouts!
The goblin hits you with a +0 club.
You slash the goblin!
You kill the goblin!
You have reached level 2!
You see here a +0 club.
Found 4 boomerangs of dispersal.
A goblin comes into view. It is wielding a +0 dagger.
The helpless goblin fails to defend itself.
You hit the goblin.
You kill the goblin!
No target in view!
Are you sure you want to abandon this character and quit the game? (Confirm with "yes".)

...###(# #.# ...#.#
#.## ###
#.#.####.## ##...
#........#.
.....###.#########
#.##..............
##.#####.##########
#.$......#
#.@####### #.)#
#..# #..# #..# #..#
#..# ...#


There were no monsters in sight!

Vanquished Creatures
  3 goblins (D:1)
  2 ball pythons (D:1)
  2 kobolds (D:1)
  A rat (D:1)
8 creatures vanquished.

Notes
Turn   | Place    | Note
-------+----------+-------------------------------------------
     0 | D:1      | Plasmagod the Hill Orc Monk began the quest for the Orb.
     0 | D:1      | Reached XP level 1. HP: 19/19 MP: 1/1
    48 | D:1      | Found a faded altar of an unknown god.
    56 | D:1      | Prayed at the altar of an unknown god.
    56 | D:1      | Became a worshipper of Zin the Law-Giver
    56 | D:1      | Reached * piety under Zin
    56 | D:1      | Reached ** piety under Zin
   296 | D:1      | Reached *** piety under Zin
   368 | D:1      | Reached XP level 2. HP: 23/26 MP: 2/2
   424 | D:1      | Quit the game

Illustrated notes

Levels and vault maps discovered:
D:1:      sevenhm_arrival_forest_fort_small_6, layout_loops_ring,
          nicolae_ecumenical_lake_church

Action                   || total
-------------------------++-------
Melee: Hand axe          ||    18
 Stab: Sleeping          ||     1
Armor: Robe              ||     4
Dodge: Dodged            ||    14

Table legend: (Time is in decaauts)
 A = Elapsed time spent in this place.
 B = Non-inter-level travel time spent in this place.
 C = Inter-level travel time spent in this place.
 D = Time resting spent in this place.
 E = Time spent auto-exploring this place.
 F = Levels seen in this place.
 G = Mean time per level.
                   A        B        C        D        E       F      G
               +--------+--------+--------+--------+--------+-----+--------+
         Total |    425 |    425 |      0 |      0 |    375 |   1 |  425.0 |
       Dungeon |    425 |    425 |      0 |      0 |    375 |   1 |  425.0 |
               +--------+--------+--------+--------+--------+-----+--------+

Top non-repeatable levels by time:
     D:1: 425 daAuts
